Map: [ESL] Babylon

Players

SpeCial

  • Race: Terran Terran

herO - Winner!

  • Race: Protoss Protoss

Event: IEM Katowice 2023

VOD

Have the link to the VOD?

Description

Time

  • Played on: Feb. 11, 2023, 7:23 a.m.
  • Length: 8:28

All games in this series

Show
View Real Time Build Order
Export as new Build Order

SpeCial Terran 

Build Orders: Reaper Expand, Mech 

Get SALT Encoding   

  12  0:00  SCV  
  13  0:12  SCV  
  14  0:17  Supply Depot  
  14  0:24  SCV  
  15  0:39  Barracks, SCV  
  16  0:44  Refinery  
  16  0:51  SCV  
  17  1:03  SCV  
  18  1:15  SCV  
  19  1:28  Orbital Command, Reaper  
  20  1:44  Command Center  
  20  1:54  Supply Depot  
  20  1:55  SCV  
  20  2:00  Barracks Tech Lab  
  21  2:07  SCV  
  21  2:19  SCV  
  21  2:20  Marauder  
  24  2:24  Factory  
  24  2:29  Refinery  
  24  2:31  SCV  
  24  2:33  Supply Depot  
  24  2:35  Supply Depot  
  25  2:43  SCV, Marauder  
  28  2:55  SCV  
  29  3:00  Orbital Command  
  29  3:08  SCV  
  30  3:15  Barracks Reactor, Cyclone  
  33  3:21  SCV  
  33  3:27  SCV  
  35  3:34  Starport  
  35  3:36  SCV  
  35  3:39  SCV  
  37  3:45  Supply Depot  
  37  3:48  SCV  
  37  3:51  SCV  
  37  3:52  Marine x2  
  37  3:53  Cyclone  
  44  4:00  SCV  
  44  4:03  SCV  
  45  4:12  SCV  
  45  4:14  Command Center  
  45  4:16  SCV  
  47  4:18  Marine x2  
  47  4:23  Supply Depot  
  49  4:25  SCV  
  49  4:29  Raven  
  52  4:31  SCV  
  52  4:33  Factory Tech Lab  
  52  4:36  Marine x2  
  52  4:37  SCV, Refinery  
  56  4:43  SCV  
  57  4:46  Engineering Bay  
  57  4:49  SCV  
  57  4:51  Cyclone  
  61  4:53  Marine  
  61  4:54  Marine  
  61  4:56  SCV  
  64  5:01  SCV  
  64  5:02  Refinery  
  65  5:08  SCV  
  65  5:11  Marine x2  
  65  5:19  SCV  
  65  5:20  SCV  
  66  5:23  Missile Turret  
  66  5:26  Orbital Command  
  69  5:29  Marine x2  
  69  5:31  SCV  
  69  5:32  SCV  
  73  5:36  Missile Turret  
  73  5:40  Siege Tank  
  73  5:52  SCV x2  
  73  5:53  Factory x2  
  73  5:54  Orbital Command  
  75  6:01  Mag-Field Accelerator  
  75  6:04  SCV x2  
  75  6:07  Supply Depot  
  77  6:12  Siege Tank  
  77  6:14  Armory  
  77  6:15  Supply Depot, Starport Reactor  
  77  6:17  SCV x2  
  82  6:19  SCV  
  83  6:29  SCV x2  
  83  6:32  SCV  
  86  6:37  Missile Turret  
  86  6:39  Siege Tank  
  93  6:41  Widow Mine x2, SCV x2  
  93  6:44  Siege Tank, SCV  
  99  6:47  Supply Depot  
  99  6:52  Viking  
  101  6:57  Refinery  
  101  6:58  Refinery  
  101  7:02  SCV, Supply Depot  
  101  7:08  SCV x2, Viking  
  101  7:09  Supply Depot  
  101  7:10  Hellion x2  
  109  7:20  SCV x2  
  109  7:21  Supply Depot  
  109  7:24  Siege Tank, SCV  
  113  7:31  Viking  
  113  7:32  SCV  
  113  7:33  SCV  
  113  7:36  SCV  
  118  7:38  Viking  
  118  7:43  Hellion x2  
  124  7:44  Factory, SCV  
  124  7:45  SCV  
  124  7:48  SCV  
  107  7:56  SCV  
  107  7:57  SCV  
  95  8:00  SCV  
  95  8:04  Hellion x2  
  100  8:08  SCV  
  100  8:09  SCV  
  100  8:12  SCV  
Show
View Real Time Build Order
Export as new Build Order

herO Protoss - Winner!

Build Orders: 1 Gate Expand, Phoenix Opening, Zealot Archon 

Get SALT Encoding   

  12  0:00  Probe  
  13  0:12  Probe  
  14  0:18  Pylon  
  14  0:24  Probe (Chrono Boost)  
  15  0:36  Probe (Chrono Boost)  
  15  0:38  Gateway  
  16  0:45  Probe (Chrono Boost)  
  16  0:48  Assimilator  
  17  0:50  Probe  
  18  1:03  Probe  
  19  1:15  Probe  
  20  1:28  Cybernetics Core  
  20  1:36  Nexus  
  20  1:44  Pylon  
  20  1:46  Probe  
  21  1:53  Assimilator  
  21  1:58  Probe  
  22  2:01  Adept (Chrono Boost)  
  24  2:10  Probe  
  24  2:20  Stargate  
  24  2:21  Adept (Chrono Boost)  
  24  2:22  Probe  
  27  2:34  Probe, Warp Gate  
  28  2:44  Adept  
  28  2:46  Probe  
  28  2:48  Probe  
  32  2:58  Probe  
  32  3:00  Probe  
  32  3:04  Phoenix (Chrono Boost)  
  36  3:11  Probe  
  36  3:12  Probe  
  38  3:14  Pylon  
  29  3:20  Phoenix (Chrono Boost)  
  38  3:24  Probe x2  
  42  3:36  Probe x2  
  42  3:40  Phoenix (Chrono Boost)  
  46  3:48  Probe x2  
  46  3:54  Gateway x2  
  48  3:58  Assimilator  
  48  4:00  Assimilator, Probe  
  48  4:01  Probe  
  50  4:04  Shield Battery  
  50  4:07  Pylon  
  50  4:15  Probe, Twilight Council  
  50  4:16  Probe  
  52  4:25  Phoenix  
  52  4:27  Probe  
  52  4:28  Probe  
  56  4:34  Robotics Facility  
  56  4:40  Probe x2  
  58  4:46  Nexus  
  58  4:49  Pylon  
  58  4:50  Charge (Chrono Boost)  
  58  4:54  Probe  
  58  4:55  Probe  
  60  5:03  Shield Battery  
  60  5:08  Templar Archives  
  60  5:10  Probe x2  
  60  5:19  Zealot x2  
  64  5:22  Zealot, Probe x2, Observer  
  64  5:27  Pylon  
  69  5:35  Gateway  
  69  5:39  Probe  
  70  5:44  Shield Battery  
  70  5:45  Probe, Observer  
  70  5:49  High Templar x2, Zealot  
  78  5:50  Psionic Storm  
  78  5:57  Probe x2 (Chrono Boost)  
  78  5:58  Shield Battery  
  78  6:00  Probe (Chrono Boost)  
  81  6:04  Gateway  
  81  6:08  Probe x2 (Chrono Boost)  
  81  6:09  Probe (Chrono Boost)  
  84  6:13  Probe x2 (Chrono Boost)  
  84  6:14  Probe (Chrono Boost)  
  84  6:18  Pylon, Warp Prism (Chrono Boost)  
  87  6:22  High Templar  
  91  6:26  Gateway  
  91  6:33  Zealot  
  91  6:34  Gateway  
  91  6:36  Pylon  
  91  6:38  Zealot  
  91  6:39  High Templar  
  100  6:47  Forge  
  100  6:50  Pylon x2  
  100  6:54  Zealot  
  98  6:55  Zealot  
  98  6:58  Probe x3  
  98  7:00  Assimilator x2  
  103  7:07  Pylon, Zealot  
  103  7:08  Zealot  
  107  7:15  High Templar x2  
  109  7:16  Zealot  
  109  7:21  Probe x3  
  116  7:30  Zealot x4  
  116  7:34  Probe  
  116  7:35  Probe x2  
  122  7:40  Pylon  
  120  7:49  Archon x2  
  120  7:50  Zealot x7  
  116  8:10  Zealot x6  
  116  8:11  Zealot  
  114  8:22  Stargate  
  104  8:26  Fleet Beacon  

Tags
 
Add a new tag
Caveats
  • Supply blocks, unpowered buildings, or Contaminate may cause inaccurate times.
  • Supply counts are checked every 10 seconds.